 Dungeon Crawl Stone Soup version 0.20.0-14-g326068f (webtiles) character file.

270 JeffiDaFish the Shield-Bearer (level 6, -8/38 HPs)
             Began as a Gargoyle Fighter on June 8, 2017.
             Mangled by an ogre
             ... wielding a +0 giant club
              (14 damage)
             ... on level 5 of the Dungeon.
             The game lasted 00:05:07 (3212 turns).

JeffiDaFish the Shield-Bearer (Gargoyle Fighter)    Turns: 3212, Time: 00:05:08

Health: -8/38      AC: 16    Str: 19    XL:     6   Next: 22%
Magic:  6/6        EV:  5    Int:  9    God:
Gold:   113        SH:  9    Dex: 11    Spells: 5/5 levels left

rFire    . . .     SeeInvis .   a - +1 flail
rCold    . . .     Gourm    .   c - +0 shield
rNeg     + + .     Faith    .   i - +0 chain mail
rPois    ∞         Spirit   .   e - +0 helmet
rElec    +         Reflect  .   (no cloak)
rCorr    .         Harm     .   b - +0 pair of gloves
MR       .....                  (no boots)
Stlth    ..........             (no amulet)
Regen    0.2/turn               h - ring of positive energy
MPRegen  0.1/turn               (no ring)

@: no status effects
A: negative energy resistance 1, electricity resistance, unbreathing,
petrification resistance, rot immunity, AC +4
a: no special abilities


You were on level 5 of the Dungeon.
You were near starving.

You visited 1 branch of the dungeon, and saw 5 of its levels.

You collected 113 gold pieces.

Inventory:

Hand Weapons
 a - a +1 flail (weapon)
Armour
 b - a +0 pair of gloves (worn)
 c - a +0 shield (worn)
 e - a +0 helmet (worn)
 i - a +0 chain mail (worn)
Jewellery
 h - a ring of positive energy (left hand)
Potions
 d - a potion of might
Comestibles
 f - 5 bread rations
 g - 2 meat rations
 j - 4 fruits


   Skills:
 + Level 4.1 Fighting
 + Level 4.2 Maces & Flails
 + Level 4.2 Armour
 + Level 0.8 Dodging
 + Level 4.5 Shields


You had 5 spell levels left.
You didn't know any spells.

Dungeon Overview and Level Annotations

Branches:
Dungeon (5/15)
 Temple: D:4-7

Altars:
Trog


Innate Abilities, Weirdness & Mutations

You are resistant to torment.
Your stone body is resilient. (AC +4)
You are immune to poison.
You resist negative energy. (rN+)
You are resistant to electric shocks. (rElec)
You can survive without breathing.
You are immune to petrification.
You are immune to rotting.


Message History

The centaur skeleton hits you but does no damage. x2
You hit the ogre.
The ogre is severely wounded.
The ogre hits you but does no damage.
The centaur skeleton hits you but does no damage.
You hit the ogre.
The ogre is almost dead.
The centaur skeleton hits you. You block the ogre's attack.
The centaur skeleton hits you.
You hit the ogre.
The ogre is almost dead.
The ogre hits you with a giant club!!
Ouch! That really hurt!
* * * LOW HITPOINT WARNING * * *
You block the centaur skeleton's attack.
You hit the ogre.
The ogre is almost dead.
The centaur skeleton closely misses you.
The ogre hits you with a giant club!
You die...

#............#
#............+
#............#
#............+
#............#
#............+
#.....Z......#.#
#.....@.......#
#.....O......#.#
#.............#
#...##.#..<....#
.....
#.#......#. ##..
#.#......+ #.
#.#......# ##
#.#......#


You could see an ogre and a centaur skeleton.

Vanquished Creatures
  A scorpion (D:4)
  An iguana (D:4)
  7 gnolls (D:4)
  A howler monkey skeleton (D:4)
  2 oozes
  An adder skeleton (D:3)
  6 dart slugs
  4 leopard geckos
  7 orcs
  A ball python (D:3)
  2 giant cockroaches
  8 goblins
  8 hobgoblins
  8 jackals
  2 quokkas
  8 bats
  4 frilled lizards
  8 kobolds
  A leopard gecko skeleton (D:4)
  11 rats
91 creatures vanquished.

Notes
Turn   | Place    | Note
-------+----------+-------------------------------------------
     0 | D:1      | JeffiDaFish the Gargoyle Fighter began the quest for the Orb.
     0 | D:1      | Reached XP level 1. HP: 14/14 MP: 1/1
   114 | D:1      | Reached XP level 2. HP: 19/19 MP: 2/2
   491 | D:2      | Found a bloodstained altar of Trog.
   550 | D:2      | Reached XP level 3. HP: 24/24 MP: 3/3
  1161 | D:3      | Reached XP level 4. HP: 28/29 MP: 4/4
  1716 | D:4      | Reached XP level 5. HP: 8/33 MP: 5/5
  2317 | D:4      | Reached XP level 6. HP: 38/38 MP: 6/6
  2963 | D:5      | Entered Level 5 of the Dungeon
  3212 | D:5      | Mangled by an ogre

Skill      XL: |  1  2  3  4  5 |
---------------+----------------+-----
Shields        | 4 |  4.5
Maces & Flails | 3 4 |  4.2
Fighting       | 4 |  4.1
Armour         | 4 |  4.2
Dodging        | |  0.8

Action                   |  1- 3 |  4- 6 || total
-------------------------+-------+-------++-------
Melee: Flail             |   121 |   161 ||   282
  Use: Scroll            |     3 |     2 ||     5
       Potion            |     3 |     1 ||     4
  Eat: Chunk             |     1 |     5 ||     6
Armor: Scale mail        |    58 |    27 ||    85
       Chain mail        |       |    95 ||    95
Dodge: Dodged            |    43 |    36 ||    79
Block: Shield            |    73 |    99 ||   172
